 Dungeon Crawl Stone Soup version 0.17-a0-1378-g281efdd (webtiles) character file.

4240 xgamer67 the Spear-Bearer (level 10, -15/74 HPs)
             Began as a Merfolk Ice Elementalist on June 14, 2015.
             Was an Elder of Okawaru.
             Demolished by a queen bee (16 damage)
             ... on level 10 of the Dungeon.
             The game lasted 01:03:54 (11609 turns).

xgamer67 the Spear-Bearer (MfIE)                   Turns: 11609, Time: 01:03:54

Health: -15/74     AC:  6    Str:  9    XL:     10   Next: 30%
Magic:  8/16       EV: 15    Int: 17    God:    Okawaru [****..]
Gold:   569        SH:  0    Dex: 15    Spells: 7 memorised, 1 level left

rFire  . . .     SeeInvis .     a - +2 trident (vamp)
rCold  . . .     Clarity  +     d - +1 robe
rNeg   . . .     SustAt   .     (no shield)
rPois  +         Gourm    .     (no helmet)
rElec  .         Spirit   .     (no cloak)
rCorr  .         Warding  .     (no gloves)
rMut   .         Stasis   .     f - +2 pair of boots {run}
MR     +....                    y - amulet of clarity
Stlth  ++........               k - ring of poison resistance
                                o - ring of protection from magic

@: about to teleport, quick, somewhat resistant to hostile enchantments,
unstealthy
A: change form in water, swift swim
a: Heroism, Renounce Religion


You were on level 10 of the Dungeon.
You worshipped Okawaru.
Okawaru was greatly pleased with you.
You were hungry.

You visited 2 branches of the dungeon, and saw 12 of its levels.
You also visited: Ossuary.

You collected 611 gold pieces.
You spent 42 gold pieces at shops.

Inventory:

Hand weapons
 a - a +2 vampiric trident (weapon)
 b - a +0 blowgun
 e - a +0 glaive
Missiles
 s - 43 poisoned needles
 F - 3 tomahawks (quivered)
Armour
 d - a +1 robe (worn)
 f - a +2 pair of boots of running (worn)
 G - a +0 buckler
Jewellery
 h - an uncursed ring of positive energy
 k - a ring of poison resistance (right hand)
 o - a ring of protection from magic (left hand)
 y - an amulet of clarity (around neck)
 I - an uncursed amulet of warding
Magical devices
 j - a wand of paralysis (16)
 q - a wand of draining (4)
 B - a wand of disintegration (16)
Scrolls
 g - a scroll of fear {unknown}
 m - a scroll of teleportation
 n - 3 scrolls of enchant armour
 v - 2 scrolls of recharging
 x - 4 scrolls of remove curse
 z - a scroll of enchant weapon
 A - 2 scrolls of magic mapping
 E - 2 scrolls of blinking
 H - a scroll of identify
Potions
 l - a potion of magic
 p - a potion of flight
 t - 2 potions of might
 u - 3 potions of curing
 w - a potion of agility
 C - 4 potions of invisibility
Books
 r - a book of Frost

   Spells                             Type                      Level
   a - Freeze                         Ice                          1
   b - Throw Frost                    Conjuration/Ice              2
   c - Ozocubu's Armour               Charms/Ice                   3
   d - Throw Icicle                   Conjuration/Ice              4
   e - Summon Ice Beast               Ice/Summoning                4
   f - Condensation Shield            Ice                          4
 D - a book of Battle

   Spells                             Type                      Level
   a - Infusion                       Charms                       1
   b - Shroud of Golubria             Charms/Translocation         2
   c - Song of Slaying                Charms                       2
   d - Spectral Weapon                Hexes/Charms                 3
   e - Regeneration                   Charms/Necromancy            3
Comestibles
 c - 5 bread rations
 i - 11 meat rations


   Skills:
 + Level 5.0 Fighting
 + Level 12.6 Polearms
 - Level 6.0 Dodging
 - Level 2.1 Stealth
 - Level 4.0 Spellcasting
 - Level 0.7 Conjurations
 + Level 6.6 Charms
 - Level 7.0 Ice Magic
 - Level 2.1 Invocations


You had one spell level left.
You knew the following spells:

 Your Spells              Type           Power        Failure   Level  Hunger
a - Freeze                Ice            ####         1%          1    None
b - Ozocubu's Armour      Chrm/Ice       ####....     3%          3    ###....
c - Throw Frost           Conj/Ice       ###...       6%          2    ##.....
d - Apportation           Tloc           #.........   17%         1    None
e - Condensation Shield   Ice            ####......   10%         4    ####...
f - Shroud of Golubria    Chrm/Tloc      ##........   10%         2    ##.....
g - Regeneration          Chrm/Necr      ##........   14%         3    ###....


Dungeon Overview and Level Annotations

Branches:
Dungeon (11/15)            Temple (1/1) D:5            Lair (0/8) D:10
    Orc: D:9-12

Altars:
Ashenzari
Cheibriados
Dithmenos
Elyvilon
Fedhas
Gozag
Kikubaaqudgha
Makhleb
Nemelex Xobeh
Okawaru
Qazlal
Ru
Sif Muna
Trog
Vehumet
Xom
Yredelemnul
Zin
The Shining One

Shops:
D:8 (

Annotations:
D:3 Steifyn's ghost, average TrBe
D:5 Grinder
D:6 Pikel
D:9 exclusions: hippogriff and ice beast
D:10 exclusions: electric eel, 3 killer bees, water moccasin and 51 more exclusions
D:11 exclusions: 3 killer bees, ugly thing and 14 more exclusions, Erica; Sonja


Message History

Press: ? - help, Shift-Dir - straight line, f - wyvern skeleton
Aim: a wyvern skeleton You freeze the wyvern skeleton.
The wyvern skeleton resists.
The killer bee stings you. The killer bee barely misses you.
The wyvern skeleton bites you!
* * * LOW HITPOINT WARNING * * *
A queen bee comes into view.
The killer bee closely misses you. The wyvern skeleton closely misses you.
The wyvern skeleton barely misses you. The killer bee misses you.
The killer bee stings you.
* * * LOW HITPOINT WARNING * * *
Found a staircase to the Lair.
The killer bee stings you but does no damage.
Read which item? (? for menu, Esc to quit)
As you read the scroll of teleportation, it crumbles to dust.
You feel strangely unstable. The wyvern skeleton misses you.
The killer bee misses you. The wyvern skeleton bites you!
* * * LOW HITPOINT WARNING * * *
The queen bee stings you!
You die...

#.............
#.............
#.............
#####.............
#...#............. .
#...#.....#'####). ...
####...#.....#....#>.
.P..#......#.....'....'..
.......y@..#.....#....#..
........yZ.#.....#....#..
#.?..
>.....##Y..+.....#....#..
#..h. .....
#.†.#..>..#....... .....
..P. #...#.....'....##.
#y..# ...
#†###.....#...#..# ....#
.. #...'.....##..#...
....# . .
#...#.....#....###
...y###...#
.'...#.....#.).....


You could see a queen bee, an ice beast, a killer bee and a wyvern skeleton.

Vanquished Creatures
  A centaur skeleton (D:11)
  A wyvern (D:9)
  Menkaure (D:7)
  Edmund (D:5)
  A mottled dragon (D:11)
  Duvessa (D:6)
  An ice beast (D:10)
  2 sky beasts
  An eye of draining (D:9)
  4 black bears
  4 orc warriors
  A centaur (D:5)
  2 phantoms
  3 ogres
  2 slaves (D:6)
  A big kobold (D:7)
  3 giant frogs
  3 scorpions
  Dowan (D:6)
  5 killer bees (D:10)
  2 jellies (D:5)
  A quasit (D:7)
  2 orc priests (D:8)
  2 crimson imps
  4 orc wizards
  A centaur zombie (D:11)
  2 giant frog skeletons
  3 hounds
  5 worker ants
  4 iguanas
  A killer bee zombie (D:6)
  2 mummies
  2 hound skeletons
  A worker ant zombie (D:7)
  8 adders
  A shadow imp (D:9)
  2 oozes (D:3)
  2 adder skeletons
  3 worms
  6 giant geckos
  29 orcs
  3 ball pythons
  2 bat zombies
  6 giant cockroaches
  8 hobgoblins
  5 quokkas
  A ball python zombie (D:5)
  16 bats
  A giant gecko zombie (D:6)
  3 giant newts
  18 goblins
  2 hobgoblin zombies
  4 jackals (D:7)
  20 kobolds
  An orc zombie (D:4)
  A quokka zombie (D:8)
  6 rats
219 creatures vanquished.

Notes
Turn   | Place    | Note
--------------------------------------------------------------
     0 | D:1      | xgamer67 the Merfolk Ice Elementalist began the quest for the Orb.
     0 | D:1      | Reached XP level 1. HP: 13/13 MP: 3/3
   252 | D:1      | Reached XP level 2. HP: 19/19 MP: 3/5
   334 | D:1      | Reached skill level 1 in Polearms
   541 | D:1      | Reached skill level 4 in Ice Magic
   936 | D:1      | Reached XP level 3. HP: 24/24 MP: 6/6
   941 | D:1      | Learned a level 3 spell: Ozocubu's Armour
  1038 | D:2      | Found a faded altar to an unknown god.
  1428 | D:2      | Reached XP level 4. HP: 30/30 MP: 4/7
  1700 | D:2      | Found a white marble altar of Elyvilon.
  1707 | D:2      | Found a glowing silver altar of Zin.
  2008 | D:3      | Found a shattered altar of Ashenzari.
  2566 | D:3      | Noticed Steifyn's ghost (average TrBe)
  2635 | D:4      | Found a sand-covered staircase.
  2665 | D:4      | Reached XP level 5. HP: 35/35 MP: 6/8
  2701 | Ossuary  | Entered an ossuary
  2764 | D:4      | Reached skill level 5 in Ice Magic
  2871 | D:4      | Noticed a phantom
  3065 | D:4      | Noticed an ogre
  3135 | D:4      | Reached skill level 5 in Polearms
  3148 | D:5      | Entered Level 5 of the Dungeon
  3306 | D:5      | Reached skill level 1 in Charms
  3435 | D:5      | Learned a level 2 spell: Throw Frost
  3444 | D:5      | Reached XP level 6. HP: 39/41 MP: 6/9
  3449 | D:5      | Found a staircase to the Ecumenical Temple.
  3488 | Temple   | Entered the Ecumenical Temple
  3610 | Temple   | Became a worshipper of Warmaster Okawaru
  3659 | D:5      | Noticed a sky beast
  3694 | D:5      | Learned a level 1 spell: Apportation
  3696 | D:5      | Noticed Edmund
  3723 | D:5      | Noticed a centaur
  3737 | D:5      | Killed a centaur
  3737 | D:5      | Reached skill level 6 in Polearms
  3943 | D:5      | Found a sacrificial altar of Ru.
  4030 | D:5      | Identified a +2 pair of boots of running (You found it on level 5 of the Dungeon)
  4035 | D:5      | Noticed Grinder
  4378 | D:6      | Found a snail-covered altar of Cheibriados.
  4403 | D:6      | Found a burning altar of Makhleb.
  4445 | D:6      | Reached skill level 7 in Polearms
  4445 | D:6      | Reached XP level 7. HP: 30/46 MP: 5/11
  4636 | D:6      | Noticed Duvessa
  4636 | D:6      | Noticed Dowan
  4694 | D:6      | Noticed Pikel
  4778 | D:5      | Killed Edmund
  4778 | D:5      | Acquired Okawaru's first power
  5948 | D:4      | Reached skill level 8 in Polearms
  5948 | D:4      | Reached skill level 1 in Invocations
  6152 | D:4      | Killed a phantom
  6152 | D:4      | Reached XP level 8. HP: 35/52 MP: 2/13
  6531 | D:5      | Killed a sky beast
  6531 | D:5      | Reached skill level 9 in Polearms
  6667 | D:6      | Killed Dowan
  6800 | D:6      | Killed Duvessa
  7373 | D:7      | Reached skill level 10 in Polearms
  7523 | D:7      | Reached XP level 9. HP: 52/57 MP: 5/15
  7607 | D:8      | Found a bloodstained altar of Trog.
  7656 | D:8      | Found Etez's Weapon Shoppe.
  7663 | D:8      | Bought a +0 trident for 42 gold pieces
  7750 | D:9      | Reached skill level 1 in Fighting
  7834 | D:9      | Reached skill level 5 in Dodging
  8479 | D:7      | Noticed Menkaure
  8488 | D:7      | Killed Menkaure
  9001 | D:7      | Found an ancient bone altar of Kikubaaqudgha.
  9001 | D:7      | Found a blossoming altar of Fedhas.
  9268 | D:8      | Reached skill level 5 in Charms
  9371 | D:8      | Found a shadowy altar of Dithmenos.
  9427 | D:8      | Reached skill level 11 in Polearms
  9830 | D:8      | Learned a level 4 spell: Condensation Shield
  9910 | D:8      | Found a sparkling altar of Nemelex Xobeh.
 10449 | D:10     | Entered Level 10 of the Dungeon
 10459 | D:10     | Reached XP level 10. HP: 53/71 MP: 10/16
 10603 | D:11     | Reached skill level 12 in Polearms
 10707 | D:10     | Learned a level 2 spell: Shroud of Golubria
 10711 | D:10     | Learned a level 3 spell: Regeneration
 10762 | D:10     | Noticed a hill giant
 10908 | D:11     | Noticed Sonja
 11029 | D:11     | Noticed Erica
 11029 | D:11     | Noticed a white ugly thing
 11601 | D:10     | Reached skill level 5 in Fighting
 11607 | D:10     | Found a staircase to the Lair.
 11609 | D:10     | HP: 1/74 [wyvern skeleton (15)]
 11609 | D:10     | Demolished by a queen bee

Vault maps used:
D:1:      dpeg_arrival_court
D:2:      nicolae_overflow_hidden_temple, ecumenical_altar_1, first_bread
D:3:      nicolae_ashenzari_panopticon
D:4:      nicolae_ossuary_entry_giza
D:5:      lemuel_crystal_altar, minmay_temple_entry_junction, uniq_grinder,
          uniq_edmund
D:6:      lemuel_doored_altar, slow_altar_2, serial_glass, glass_columns_c,
          glass_columns_a, glass_columns_a, glass_columns_a, glass_columns_c,
          glass_columns_c, glass_columns_b, glass_columns_c, glass_columns_a,
          glass_columns_a, glass_columns_a, glass_columns_a, glass_columns_b,
          glass_columns_a, uniq_pikel, uniq_duvessa
D:7:      grunt_temple_overflow_growth_and_decay, hangedman_decor_lopped,
          uniq_menkaure
D:8:      bloody_trog, nicolae_overflow_crystal_walls,
          nicolae_dithmenos_shadow_blocks, serial_shops, nicolae_shop_stone
D:10:     minmay_twisted_water, erik_lair_orcish_takeover, david_nohive_1,
          minmay_curled_crystal, minivault_22
D:11:     kennysheep_big_flooded_room, david_orc_5, nicolae_wwwww, hive_lemuel,
          uniq_sonja, uniq_erica
Temple:   jpeg_temple_alley_garden_8
Ossuary:  ossuary_tomb_3

Action                   |  1- 3 |  4- 6 |  7- 9 | 10-12 || total
-------------------------+-------+-------+-------+-------++-------
Melee: Spear             |    63 |   135 |   229 |       ||   427
       Trident           |       |       |   168 |    62 ||   230
 Fire: Blowgun           |       |       |     6 |       ||     6
Throw: Stone             |       |     4 |       |       ||     4
 Cast: Freeze            |    31 |    73 |   217 |    34 ||   355
       Ozocubu's Armour  |     1 |       |     3 |     2 ||     6
       Throw Frost       |       |     1 |     3 |       ||     4
       Condensation Shie |       |       |       |     2 ||     2
       Regeneration      |       |       |       |     1 ||     1
       Shroud of Golubri |       |       |       |     1 ||     1
Evoke: Wand              |       |       |     3 |       ||     3
  Use: Scroll            |     4 |     3 |    10 |     1 ||    18
       Potion            |       |     2 |     4 |       ||     6
 Stab: Sleeping          |    10 |    11 |     7 |     1 ||    29
       Invisible         |       |       |     3 |       ||     3
       Distracted        |       |       |     1 |       ||     1
  Eat: Chunk             |     3 |     8 |    15 |     3 ||    29
       Royal jelly       |       |     1 |     2 |       ||     3
       Fruit             |       |       |     6 |       ||     6
